 Dungeon Crawl Stone Soup version 0.21.1-1-g345015fe64 (webtiles) character file.

81 Gargoyl the Skirmisher (level 4, -1/39 HPs)
             Began as a Centaur Abyssal Knight on June 19, 2018.
             Was a Follower of Lugonu.
             Splashed by a jelly's acid (10 damage)
             ... on level 2 of the Dungeon.
             The game lasted 00:02:40 (2075 turns).

Gargoyl the Skirmisher (Centaur Abyssal Knight)     Turns: 2075, Time: 00:02:40

Health: -1/39      AC:  1    Str: 14    XL:     4   Next: 20%
Magic:  6/6        EV:  2    Int: 11    God:    Lugonu [*.....]
Gold:   71         SH:  0    Dex: 10    Spells: 3/3 levels left

rFire    . . .     SeeInvis .   e - -1 hand axe (curse)
rCold    . . .     Gourm    .   (no shield)
rNeg     . . .     Faith    .   d - +0 plate armour
rPois    .         Spirit   .   (no helmet)
rElec    .         Reflect  .   (no cloak)
rCorr    .         Harm     .   (no gloves)
MR       .....                  (no barding)
Stlth    ..........             (no amulet)
HPRegen  0.13/turn              (no ring)
MPRegen  0.10/turn              (no ring)

@: corroded, very quick
A: large, hooves 3, deformed body, speed 2, tough skin 3
a: Depart the Abyss, Renounce Religion


You were on level 2 of the Dungeon.
You worshipped Lugonu.
Lugonu was aware of your devotion.
You were not hungry.

You visited 1 branch of the dungeon, and saw 2 of its levels.
You visited the Abyss 1 time.

You collected 71 gold pieces.

Inventory:

Hand Weapons
 a - a +1 hand axe
 e - a cursed -1 hand axe (weapon)
Armour
 d - a +0 plate armour (worn)
Scrolls
 f - a scroll of remove curse {unknown}
Comestibles
 b - 7 chunks of flesh


   Skills:
 + Level 3.6 Fighting
 + Level 2.3 Axes
 * Level 2.2 Armour
 + Level 0.7 Dodging
 * Level 2.7 Invocations


You had 3 spell levels left.
You didn't know any spells.

Dungeon Overview and Level Annotations

Branches:
Dungeon (2/15)

Altars:


Innate Abilities, Weirdness & Mutations

You have hooves in place of feet.
Armour fits poorly on your strangely shaped body.
You cover ground very quickly.
You have extremely tough skin. (AC +3)


Message History

Your plate armour prevents you from hitting the jelly.
You kick the jelly.
The jelly is moderately wounded.
The jelly hits you but does no damage.
You hit the jelly but do no damage.
Your hands burn!
Your kick misses the jelly.
The jelly is moderately wounded.
The jelly hits you but does no damage.
You hit the jelly.
Your hands burn!
The jelly is heavily wounded.
The jelly hits you but does no damage.
You hit the jelly but do no damage. The acid corrodes you!
Your hands burn!
You kick the jelly.
The jelly is heavily wounded.
The jelly hits you.
You are splashed with acid!
The acid burns!
* * * LOW HITPOINT WARNING * * *
The jelly hits you.
* * * LOW HITPOINT WARNING * * *
You are splashed with acid!
The acid burns!
You die...

........>###.# #.........#
...........#.# #.######.##
...#######.#.# #.# #.##.#
.........#.#.######.#
#.##.#
.#######.#.#......#.#
#<##.# ..
#...#.###....#.###....# ###
#...............#######
#.......#.##....#
#.###.....J@....#
#.#####.#.......######
#.......####.........#
##################.######.#
...................#<# #.#
.###################)# #.#
.# #)####.# .# #......# ##
########


You could see a jelly.

Vanquished Creatures
  4 gnolls (D:2)
  An adder (D:2)
  2 dart slugs (D:1)
  A leopard gecko (D:1)
  A giant cockroach (D:2)
  A goblin (D:1)
  A hobgoblin (D:1)
  4 kobolds
  A quokka (D:2)
  5 bats
  5 frilled lizards (D:1)
  7 rats
33 creatures vanquished.

Vanquished Creatures (others)
  4 starspawn tentacles (Abyss:1)
4 creatures vanquished.

Grand Total: 37 creatures vanquished

Notes
Turn   | Place    | Note
-------+----------+-------------------------------------------
     0 | Abyss:1  | Gargoyl the Centaur Abyssal Knight began the quest for the Orb.
     0 | Abyss:1  | Reached XP level 1. HP: 19/19 MP: 2/2
    95 | Abyss:1  | Noticed a tentacled starspawn
    96 | Abyss:1  | Noticed a spatial vortex
    97 | Abyss:1  | Noticed a spatial vortex
   125 | Abyss:1  | Noticed a profane servitor
   127 | Abyss:1  | Noticed a spatial vortex
   128 | Abyss:1  | Noticed a spatial vortex
   135 | D:1      | Escaped the Abyss
   278 | D:1      | Reached XP level 2. HP: 5/26 MP: 3/3
   575 | D:1      | Reached * piety under Lugonu
  1222 | D:2      | Reached XP level 3. HP: 7/31 MP: 4/4
  2005 | D:2      | Reached XP level 4. HP: 36/39 MP: 6/6
  2075 | D:2      | Splashed by a jelly's acid

Skill      XL: |  1  2  3 |
---------------+----------+-----
Axes           | 2 |  2.3
Armour         | 2 |  2.2
Fighting       | |  3.6
Dodging        | |  0.7
Invocations    | |  2.7

Action                   |  1- 3 |  4- 6 || total
-------------------------+-------+-------++-------
Melee: Hand axe          |   125 |    11 ||   136
       Kick              |    20 |     3 ||    23
Invok: Depart the Abyss  |     1 |       ||     1
  Use: Scroll            |     1 |       ||     1
       Potion            |     1 |       ||     1
  Eat: Ration            |     1 |       ||     1
Armor: Plate armour      |   129 |     7 ||   136
       Skin              |    13 |       ||    13
Dodge: Dodged            |    10 |     1 ||    11
